 Dungeon Sprint DCSS version 0.28-a0-932-g843f935a50 (webtiles) character file.

Game seed: 5891732006947841609

95232742 emperorscorpion the Champion of Chaos (level 22, 46/170 (174) HPs)
             Began as a Djinni Air Elementalist on Nov 27, 2021.
             Was the Champion of Makhleb.
             Escaped with the Orb
             ... and 17 runes!
             The game lasted 01:40:11 (19186 turns).

emperorscorpion the Champion of Chaos (DjAE)       Turns: 19186, Time: 01:40:12

HP:   46/170 (174)  AC: 21    Str: 10    XL:     22   Next: 98%
Gold: 110           EV: 42    Int: 17    God:    Makhleb [******] SH: 32 Dex: 29

rFire   + + .      SeeInvis +   Z - +10 hand axe of Tortfeasance {flame, rPois Will+}
rCold   + + +      Faith    .   m - +3 tower shield "Kibisimm" {Stlth+}
rNeg    + + .      Spirit   .   I - +4 skin of Zhor {*Englaciate rC+++ SInv}
rPois   ∞          Reflect  .   D - +2 helmet
rElec   .          Harm     .   H - +2 cloak {Will+}
rCorr   .          Rampage  .   o - +2 pair of gloves {Dex+3}
Will    ++++.      NoTele   +   (boots unavailable)
Stlth   ++++......              (no amulet)
HPRegen 0.38/turn               g - ring of Jutedwoi {rC+ rN+ MP+9 Dex+7}
MPRegen 0.00/turn               E - ring of positive energy

@: flying, lightly drained
A: sickness immunity, fire resistance 2, cold vulnerability 1, float, innate
caster, hp casting, extra vitality 1, dopey 1, frail 1
0: Orb of Zot
}: 17/17 runes: decaying, serpentine, barnacled, slimy, elven, silver, golden,
iron, obsidian, icy, bone, abyssal, glowing, magical, fiery, dark, gossamer
a: Renounce Religion, Minor Destruction, Lesser Servant of Makhleb, Major
Destruction, Greater Servant of Makhleb


You escaped.
You worshipped Makhleb.
Makhleb was exalted by your worship.
You visited 1 branch You collected 1970 gold pieces.
You spent 1860 gold pieces at shops.

Inventory:

Hand Weapons
 p - a +2 trident of distortion
 C - the +6 bardiche of the Bruised Persimmons {freeze, Will+ rCorr}
   (You bought it in a shop in the Dungeon)

   It freezes those it strikes, dealing additional cold damage.
   It can also slow down cold-blooded creatures.
   rCorr:     It protects you from acid and corrosion.
   Will:      It increases your willpower.
 W - a +0 demon blade of electrocution
 Z - the +10 hand axe of Tortfeasance (weapon) {flame, rPois Will+}
   (You found it in the Dungeon)

   It burns those it strikes, dealing additional fire damage.
   Big, fiery blades are also staple armaments of hydra-hunters.
   rPois:     It protects you from poison.
   Will:      It increases your willpower.
Missiles
 N - 2 throwing nets
Armour
 k - a +0 pair of gloves of stealth
 m - the +3 tower shield "Kibisimm" (worn) {Stlth+}
   (You found it in the Dungeon)

   Stlth:     It makes you more stealthy.
 n - +6 ice dragon scales
 o - a +2 pair of gloves of dexterity (worn)
 q - a +2 kite shield
 x - a +2 robe of resistance
 y - the +1 robe "Syted" {rElec Int-2 Dex+8 Stlth+}
   (You bought it in a shop in the Dungeon)

   Int:       It affects your intelligence (-2).
   Dex:       It affects your dexterity (+8).
   rElec:     It insulates you from electricity.
   Stlth:     It makes you more stealthy.
 D - a +2 helmet (worn)
 G - +1 ice dragon scales
 H - a +2 cloak of willpower (worn)
 I - the +4 skin of Zhor (worn) {*Englaciate rC+++ SInv}
   (You found it in the Dungeon)

   It radiates cold, occasionally slowing all nearby creatures who are not
   resistant to cold.
   rC:        It renders you almost immune to cold.
   SInv:      It lets you see invisible.
 J - a +3 plate armour of cold resistance
 K - a +1 helmet
 L - +1 fire dragon scales
 O - +0 gold dragon scales
 X - a +0 tower shield
 Y - +0 storm dragon scales
Jewellery
 a - the ring "Udel" {rC+ EV+4}
   (You found it in the Dungeon)

   [ring of evasion]

   EV:        It affects your evasion (+4).
   rC:        It protects you from cold.
 g - the ring of Jutedwoi (left hand) {rC+ rN+ MP+9 Dex+7}
   (You found it in the Dungeon)

   [ring of protection from cold]

   Dex:       It affects your dexterity (+7).
   rC:        It protects you from cold.
   rN:        It protects you from negative energy.
   MP:        It affects your magic capacity (+9).
 j - the ring "Kaofeodipa" {rPois Str+3 Int+4 Dex+5}
   (You found it in the Dungeon)

   [ring of strength]

   Str:       It affects your strength (+3).
   Int:       It affects your intelligence (+4).
   Dex:       It affects your dexterity (+5).
   rPois:     It protects you from poison.
 l - the ring of Yriohe {rF+ rC- Int+7 Dex+2}
   (You found it in the Dungeon)

   [ring of protection from fire]

   Int:       It affects your intelligence (+7).
   Dex:       It affects your dexterity (+2).
   rF:        It protects you from fire.
   rC:        It makes you vulnerable to cold.
 E - a ring of positive energy (right hand)
 F - a ring of see invisible
 P - a ring of wizardry
 Q - a +4 ring of evasion
 R - a +6 ring of intelligence
 S - a +6 ring of strength
 T - a ring of wizardry
Wands
 i - a wand of acid (1)
Scrolls
 f - 2 scrolls of blinking
 t - 8 scrolls of enchant weapon
 u - 5 scrolls of fear
 v - 4 scrolls of identify
 w - 9 scrolls of enchant armour
 M - 4 scrolls of fog
Potions
 b - 12 potions of curing
 c - 2 potions of heal wounds
 d - 6 potions of haste
 e - 3 potions of berserk rage
 h - 2 potions of invisibility
 r - 5 potions of brilliance
 s - 6 potions of might
 z - a potion of cancellation
 A - 2 potions of mutation
 U - a potion of resistance
 V - a potion of flight {unknown}
Miscellaneous
 B - a lightning rod (inert)


   Skills:
 O Level 27 Fighting
 - Level 3.3 Short Blades
 - Level 0.2(2.0) Long Blades
 + Level 18.9(19.0) Axes
 - Level 0.3(12.4) Maces & Flails
 - Level 0.2(12.4) Polearms
 - Level 0.2(0.5) Staves
 - Level 0.2 Slings
 - Level 0.2 Bows
 O Level 27 Armour
 O Level 27 Dodging
 O Level 27 Stealth
 O Level 27 Shields
 - Level 0.2 Unarmed Combat
 O Level 27 Spellcasting
 O Level 27 Invocations
 O Level 27 Evocations


You had 19 spell levels left.
You knew the following spells:

 Your Spells              Type           Power      Damage    Failure   Level
a - Shock                 Conj/Air       100%       1d9       0%          1
b - Static Discharge      Conj/Air       86%        N/A       0%          2
c - Swiftness             Air            86%        N/A       0%          3
d - Airstrike             Air            43%        N/A       0%          4
e - Sting                 Tmut/Pois      100%       1d8       0%          1
f - Blink                 Tloc           100%       N/A       0%          2
g - Frozen Ramparts       Ice            100%       1d12      0%          3
h - Passage of Golubria   Tloc           86%        N/A       0%          4
i - Leda's Liquefaction   Hex/Erth       43%        N/A       0%          4
j - Lightning Bolt        Conj/Air       43%        1d62      0%          5
k - Summon Cactus Giant   Summ           43%        N/A       0%          6
l - Ozocubu's Refrigerat  Ice            43%        4d13      1%          7
m - Eringya's Noxious Bo  Tmut/Pois      43%        N/A       0%          6
n - Maxwell's Capacitive  Air            43%        ∞         1%          8
Your spell library was empty.

Dungeon Overview and Level Annotations

Branches:
Dungeon (1/1)

Altars:
Cheibriados
Dithmenos
Elyvilon
Fedhas
Gozag
Hepliaklqana
Kikubaaqudgha
Makhleb
Nemelex Xobeh
Okawaru
Qazlal
Ru
Sif Muna
Trog
Uskayaw
Vehumet
Wu Jian
Xom
Yredelemnul
Zin
The Shining One
Beogh
Jiyva
Lugonu

Shops:
D (*!:


Innate Abilities, Weirdness & Mutations

You are immune to sickness and miasma.
You are immune to poison.
Your flesh is very heat resistant. (rF++)
You are vulnerable to cold. (rC-)
You float through the air rather than walking.
You learn spells naturally, not from books.
Your magical power is your life essence.
You have superior vitality. (+4 HP)
You are dopey. (Int -2)
You are frail. (-10% HP)


Message History

You reach down and close the door.
Casting: Blink (safe; 0% risk of failure)
Confirm with . or Enter, or press ? or * to list all spells.
You blink.
* * * LOW HITPOINT WARNING * * *
There is a hide-covered altar of Uskayaw here.
There is a bloodstained altar of Trog here.
There is a shimmering blue altar of Sif Muna here.
There is a sacrificial altar of Ru here.
Things that are here:
a +0 giant club; a +0 giant club
There is a stormy altar of Qazlal here.
There is an iron altar of Okawaru here.
There is a sparkling altar of Nemelex Xobeh here.
There is a burning altar of Makhleb here.
There is a corrupted altar of Lugonu here.
There is an ancient bone altar of Kikubaaqudgha here.
There is a hazy altar of Hepliaklqana here.
There is an opulent altar of Gozag here.
There is a blossoming altar of Fedhas here.
There is a white marble altar of Elyvilon here.
There is a shadowy altar of Dithmenos here.
There is a snail-covered altar of Cheibriados here.
There is a roughly hewn altar of Beogh here.
There is an open door to the Temple here.
You reach down and close the door.
Casting: Blink (safe; 0% risk of failure)
Confirm with . or Enter, or press ? or * to list all spells.
You blink.
* * * LOW HITPOINT WARNING * * *
There is an open door here.
You reach down and close the door.
Casting: Blink (safe; 0% risk of failure)
Confirm with . or Enter, or press ? or * to list all spells.
You blink.
* * * LOW HITPOINT WARNING * * *
There is an open door to the Dungeon here.
There is a staircase leading out of the dungeon here.
You can't go down here!
You have escaped!

▓▓▓▓▓▓▓▓▓▓▓▓▓▓▓▓▓▓
▓@▓...▓...▓...▓...
▓.▓.▓.▓.▓.▓.▓.▓.▓.
▓.▓.▓.▓.▓.▓.▓.▓.▓.
▓.▓.▓.▓.▓.▓.▓.▓.▓.
▓'▓.▓.▓.▓.▓.▓.▓.▓.
▓.▓.▓.▓.▓.▓.▓.▓.▓.
▓.▓.▓.▓.▓.▓.▓.▓.▓.
▓.▓.▓'▓.▓.▓.▓.▓.▓.
▓.▓.▓.▓.▓.▓.▓.▓.▓.


There were no monsters in sight!

Vanquished Creatures
  Cerebov (D)
  Antaeus (D)
  Asmodeus (D)
  the Royal Jelly (D)
  Ereshkigal (D)
  Gloorx Vloq (D)
  Lom Lobon (D)
  Mnoleg (D)
  Dispater (D)
  2 ancient liches (D)
  3 orbs of fire (D)
  Mara (D)
  6 royal mummies (D)
  Boris (D)
  Saint Roka (D)
  Xtahua (D)
  A Killer Klown (D)
  Margery (D)
  Geryon (D)
  A curse toe (D)
  Nikola (D)
  A profane servitor (D)
  3 golden dragons (D)
  Jory (D)
  A Brimstone Fiend (D)
  A Tzitzimitl (D)
  2 electric golems (D)
  2 liches (D)
  3 tentacled monstrosities (D)
  31 Orb Guardians (D)
  2 quicksilver dragons (D)
  10 acid blobs (D)
  3 deep elf blademasters (D)
  A death cob (D)
  A titan (D)
  3 Executioners (D)
  13 sphinxes (D)
  Agnes (D)
  9 shadow dragons (D)
  Kirke (D)
  4 storm dragons (D)
  7 nagarajas (D)
  A demonspawn warmonger (D)
  7 azure jellies (D)
  Ilsuiw (D)
  A tengu reaver (D)
  Donald (D)
  6 rockslimes (D)
  Louise (D)
  A frost giant (D)
  2 fire giants (D)
  2 draconian knights (D)
  4 vault wardens (D)
  A fenstrider witch (D)
  5 ghost moths (D)
  3 deep elf sorcerers (D)
  5 emperor scorpions (D)
  4 balrugs (D)
  An orc warlord (D)
  A reaper (D)
  2 draconian shifters (D)
  A draconian annihilator (D)
  A spriggan defender (D)
  A demonspawn blood saint (D)
  A very ugly thing (D)
  4 ironbound preservers (D)
  10 stone giants (D)
  7 vampire knights (D)
  6 quicksilver oozes (D)
  A deep elf demonologist (D)
  5 green draconians (D)
  3 black draconians (D)
  3 deep elf annihilators (D)
  5 yellow draconians (D)
  An entropy weaver (D)
  Azrael (D)
  3 red draconians (D)
  4 purple draconians (D)
  A spark wasp (D)
  A deep elf death mage (D)
  Snorg (D)
  2 merfolk javelineers (D)
  An ettin (D)
  A green death (D)
  2 eleionomae (D)
  3 yaktaur captains (D)
  2 fire dragons (D)
  2 mummy priests (D)
  3 merfolk impalers (D)
  4 great orbs of eyes (D)
  25 vault guards (D)
  An ironbound thunderhulk (D)
  4 deep elf high priests (D)
  5 boulder beetles (D)
  4 ice dragons (D)
  9 hydras (D)
  2 ghost crabs (D)
  4 naga warriors (D)
  A catoblepas (D)
  6 rakshasas (D)
  5 ogre magi (D)
  3 spriggan air magi (D)
  A centaur warrior (D)
  2 satyrs (D)
  3 merfolk avatars (D)
  2 anacondas (D)
  An ironbound frostheart (D)
  3 merfolk aquamancers (D)
  2 deep troll shamans (D)
  3 two-headed ogres (D)
  A shock serpent (D)
  A naga sharpshooter (D)
  2 thrashing horrors (D)
  Urug (D)
  A tengu warrior (D)
  A soul eater (D)
  8 sun demons (D)
  4 hell knights (D)
  A sixfirhy (D)
  7 swamp dragons (D)
  4 deep trolls (D)
  2 glowing orange brains (D)
  A shadow demon (D)
  6 ironbound convokers (D)
  4 large abominations (D)
  A wizard (D)
  2 necromancers (D)
  5 orc knights (D)
  An orc sorcerer (D)
  2 orb spiders (D)
  2 wolf spiders (D)
  2 salamanders (D)
  An ugly thing (D)
  2 cyclopes (D)
  2 merfolk sirens (D)
  9 moths of wrath (D)
  A black mamba (D)
  A manticore (D)
  4 vault sentinels (D)
  A toenail golem (D)
  A rust devil (D)
  A naga mage (D)
  2 orange demons (D)
  A water nymph (D)
  2 cane toads (D)
  2 hellions (D)
  2 demonic crawlers (D)
  2 tormentors (D)
  20 guardian mummies (D)
  A wandering mushroom (D)
  An efreet (D)
  4 trolls (D)
  A jumping spider (D)
  4 merfolk (D)
  A hornet (D)
  A raiju (D)
  2 blink frogs (D)
  A tarantella (D)
  11 spriggans (D)
  5 redbacks (D)
  2 wyverns (D)
  A ynoxinul (D)
  A wraith (D)
  Eustachio (D)
  3 basilisks (D)
  2 yaks (D)
  5 hogs (D)
  A chaos spawn (D)
  4 fire elementals (D)
  5 golden eyes (D)
  2 vampire mosquitoes (D)
  A steam dragon (D)
  3 acid dragons (D)
  3 nagas (D)
  A warg (D)
  4 hell hounds (D)
  4 water moccasins (D)
  A floating eye (D)
  A swamp drake (D)
  12 orc warriors (D)
  6 wolves (D)
  3 bullfrogs (D)
  A gnoll sergeant (D)
  A howler monkey (D)
  5 orc priests (D)
  A hound (D)
  5 small abominations (D)
  3 orc wizards (D)
  An adder (D)
  2 adder zombies (D)
  9 orcs (D)
  A ball python (D)
  2 endoplasms (D)
  A giant cockroach (D)
  A kobold (D)
  A rat (D)
589 creatures vanquished.

Vanquished Creatures (collateral kills)
  2 ancient liches (D)
  A lich (D)
  A vampire knight (D)
  A floating eye (D)
5 creatures vanquished.

Vanquished Creatures (others)
  An alligator (D)
  2 hell knights (D)
  A spriggan druid (D)
  A large abomination (D)
  A human (D)
  2 ball lightnings (D)
8 creatures vanquished.

Grand Total: 602 creatures vanquished

Notes
Turn   | Place    | Note
-------+----------+-------------------------------------------
     0 | D        | emperorscorpion the Djinni Air Elementalist began the quest
                  | for the Orb.
     0 | D        | Reached XP level 1. HP: 15/15 MP: 0/0
     9 | D        | Reached XP level 2. HP: 9/21 MP: 0/0
   186 | D        | Reached skill level 1 in Armour
   186 | D        | Reached XP level 3. HP: 14/25 MP: 0/0
   186 | D        | Learned a level 1 spell: Sting
   189 | D        | Reached skill level 5 in Spellcasting
   189 | D        | Reached XP level 4. HP: 11/31 MP: 0/0
   196 | D        | Found a snail-covered altar of Cheibriados.
   196 | D        | Found a shadowy altar of Dithmenos.
   196 | D        | Found a white marble altar of Elyvilon.
   196 | D        | Found a blossoming altar of Fedhas.
   196 | D        | Found an opulent altar of Gozag.
   197 | D        | Found a hazy altar of Hepliaklqana.
   198 | D        | Found a viscous altar of Jiyva.
   200 | D        | Found a corrupted altar of Lugonu.
   201 | D        | Found a burning altar of Makhleb.
   202 | D        | Found a sparkling altar of Nemelex Xobeh.
   203 | D        | Found an iron altar of Okawaru.
   204 | D        | Found a stormy altar of Qazlal.
   205 | D        | Found a sacrificial altar of Ru.
   207 | D        | Found a bloodstained altar of Trog.
   208 | D        | Found a hide-covered altar of Uskayaw.
   211 | D        | Became a worshipper of Makhleb the Destroyer
   213 | D        | Found an ornate altar of the Wu Jian Council.
   214 | D        | Found a shimmering altar of Xom.
   215 | D        | Found a basalt altar of Yredelemnul.
   216 | D        | Found a glowing silver altar of Zin.
   217 | D        | Found a glowing golden altar of the Shining One.
   431 | D        | Noticed a wyvern
   431 | D        | Noticed a two-headed ogre
   431 | D        | Noticed a gnoll sergeant
   431 | D        | Noticed a yak
   434 | D        | Killed a wyvern
   434 | D        | Killed a gnoll sergeant
   434 | D        | Killed a yak
   434 | D        | Reached * piety under Makhleb
   435 | D        | Reached skill level 5 in Armour
   435 | D        | Reached skill level 5 in Dodging
   435 | D        | Reached skill level 1 in Evocations
   435 | D        | Reached XP level 5. HP: 14/35 MP: 0/0
   435 | D        | Learned a level 2 spell: Blink
   435 | D        | Reached XP level 6. HP: 16/40 MP: 0/0
   435 | D        | Reached XP level 7. HP: 18/45 MP: 0/0
   435 | D        | Learned a level 3 spell: Frozen Ramparts
   436 | D        | Killed a two-headed ogre
   437 | D        | Reached skill level 10 in Spellcasting
   437 | D        | Reached XP level 8. HP: 22/50 MP: 0/0
   440 | D        | Reached ** piety under Makhleb
   646 | D        | Noticed a two-headed ogre
   646 | D        | Noticed an efreet
   646 | D        | Noticed a boulder beetle
   646 | D        | Noticed a basilisk
   646 | D        | Noticed a two-headed ogre
   679 | D        | Reached skill level 1 in Shields
   683 | D        | Killed a two-headed ogre
   684 | D        | Reached skill level 1 in Fighting
   684 | D        | Reached XP level 9. HP: 28/57 MP: 0/0
   684 | D        | Learned a level 4 spell: Passage of Golubria
   685 | D        | Killed an efreet
   685 | D        | Reached *** piety under Makhleb
   701 | D        | Killed a boulder beetle
   702 | D        | Reached skill level 5 in Shields
   706 | D        | Killed a two-headed ogre
   707 | D        | Reached skill level 10 in Invocations
   707 | D        | Reached XP level 10. HP: 44/66 MP: 0/0
   950 | D        | Noticed a cane toad
   950 | D        | Noticed a four-headed hydra
   952 | D        | Reached **** piety under Makhleb
   953 | D        | Killed a cane toad
   956 | D        | Killed a four-headed hydra
   957 | D        | Reached ***** piety under Makhleb
   958 | D        | Reached skill level 10 in Armour
  1186 | D        | Noticed a cane toad
  1186 | D        | Noticed a catoblepas
  1205 | D        | Killed a cane toad
  1212 | D        | Killed a catoblepas
  1213 | D        | Reached XP level 11. HP: 33/72 MP: 0/0
  1213 | D        | Learned a level 4 spell: Leda's Liquefaction
  1219 | D        | Reached skill level 15 in Invocations
  1447 | D        | Reached ****** piety under Makhleb
  1750 | D        | Noticed Eustachio
  1753 | D        | Killed Eustachio
  1821 | D        | Noticed an orc knight
  1824 | D        | Killed an orc knight
  1986 | D        | Noticed an orc knight
  1986 | D        | Noticed an orc sorcerer
  1991 | D        | Killed an orc knight
  1991 | D        | Killed an orc sorcerer
  1997 | D        | Noticed an orc knight
  2000 | D        | Reached skill level 5 in Fighting
  2002 | D        | Killed an orc knight
  2199 | D        | Found Keucw's Weapon Emporium.
  2199 | D        | Noticed an ogre mage
  2199 | D        | Noticed a deep troll
  2199 | D        | Noticed an ogre mage
  2200 | D        | Noticed an ogre mage
  2201 | D        | Killed an ogre mage
  2202 | D        | Reached XP level 12. HP: 72/82 MP: 0/0
  2202 | D        | Killed a deep troll
  2202 | D        | Killed an ogre mage
  2203 | D        | Killed an ogre mage
  2206 | D        | Found Dolluryu's General Store.
  2206 | D        | Noticed a deep troll
  2208 | D        | Killed a deep troll
  2212 | D        | Found Lysuepp's Distillery.
  2216 | D        | Found Xogoraipn's Book Shoppe.
  2218 | D        | Noticed a deep troll
  2219 | D        | Noticed an ogre mage
  2220 | D        | Noticed a deep troll
  2221 | D        | Killed a deep troll
  2221 | D        | Killed an ogre mage
  2223 | D        | Killed a deep troll
  2223 | D        | Noticed an ogre mage
  2226 | D        | Killed an ogre mage
  2251 | D        | Bought a potion of curing for 33 gold pieces
  2251 | D        | Bought a potion of cancellation for 88 gold pieces
  2251 | D        | Bought a potion of curing for 33 gold pieces
  2251 | D        | Bought a potion of mutation for 88 gold pieces
  2253 | D        | Bought the +1 robe "Syted" {rElec Int-2 Dex+8 Stlth+} for
                  | 421 gold pieces
  2253 | D        | Bought a lightning rod (4/4) for 360 gold pieces
  2255 | D        | Bought the +6 bardiche of the Bruised Persimmons {freeze,
                  | Will+ rCorr} for 837 gold pieces
  2319 | D        | Noticed Urug
  2322 | D        | Killed Urug
  2400 | D        | Found the +4 skin of Zhor {*Englaciate rC+++ SInv}
  2457 | D        | Noticed a boulder beetle
  2457 | D        | Noticed a boulder beetle
  2457 | D        | Noticed a six-headed hydra
  2462 | D        | Killed a boulder beetle
  2462 | D        | Noticed a tengu warrior
  2463 | D        | Killed a boulder beetle
  2464 | D        | Reached skill level 10 in Dodging
  2464 | D        | Killed a six-headed hydra
  2466 | D        | Killed a tengu warrior
  2467 | D        | Reached XP level 13. HP: 88/93 MP: 0/0
  2467 | D        | Learned a level 5 spell: Lightning Bolt
  2468 | D        | Reached skill level 5 in Evocations
  2472 | D        | Noticed a stone giant
  2472 | D        | Noticed a stone giant
  2474 | D        | Noticed a stone giant
  2476 | D        | Noticed a rakshasa
  2478 | D        | Killed a stone giant
  2479 | D        | Killed a stone giant
  2481 | D        | Killed a stone giant
  2481 | D        | Killed a rakshasa
  2484 | D        | Noticed a stone giant
  2489 | D        | Killed a stone giant
  2490 | D        | Reached skill level 10 in Fighting
  2490 | D        | Reached skill level 10 in Shields
  2493 | D        | Noticed a great orb of eyes
  2502 | D        | Killed a great orb of eyes
  2638 | D        | Noticed Snorg
  2642 | D        | Killed Snorg
  2683 | D        | Noticed a merfolk avatar
  2685 | D        | Killed a merfolk avatar
  2822 | D        | Noticed an eleionoma
  2822 | D        | Noticed a seven-headed hydra
  2822 | D        | Noticed a fenstrider witch
  2822 | D        | Noticed a ghost crab
  2823 | D        | Noticed an eleionoma
  2825 | D        | Killed an eleionoma
  2825 | D        | Killed an eleionoma
  2826 | D        | Killed a seven-headed hydra
  2826 | D        | Killed a ghost crab
  2826 | D        | Noticed a six-headed hydra
  2827 | D        | Killed a fenstrider witch
  2828 | D        | Noticed a ghost crab
  2829 | D        | Killed a six-headed hydra
  2830 | D        | Reached XP level 14. HP: 79/105 MP: 0/0
  3014 | D        | Noticed an entropy weaver
  3019 | D        | Killed an entropy weaver
  3117 | D        | Noticed Azrael
  3123 | D        | Killed Azrael
  3153 | D        | Noticed Donald
  3156 | D        | Killed Donald
  3157 | D        | Reached skill level 1 in Short Blades
  3175 | D        | Noticed Saint Roka
  3189 | D        | Killed Saint Roka
  3462 | D        | Noticed a fire giant
  3462 | D        | Noticed a frost giant
  3462 | D        | Noticed a stone giant
  3464 | D        | Noticed a sphinx
  3466 | D        | Killed a fire giant
  3466 | D        | Killed a frost giant
  3466 | D        | Killed a stone giant
  3467 | D        | Noticed a tengu reaver
  3468 | D        | Killed a sphinx
  3468 | D        | Noticed a spriggan defender
  3472 | D        | Killed a tengu reaver
  3472 | D        | Killed a spriggan defender
  3473 | D        | Reached XP level 15. HP: 104/114 MP: 0/0
  3473 | D        | Learned a level 6 spell: Summon Cactus Giant
  3474 | D        | Noticed a golden dragon
  3478 | D        | Killed a golden dragon
  3479 | D        | Reached skill level 15 in Dodging
  3495 | D        | Noticed a stone giant
  3503 | D        | Killed a stone giant
  3504 | D        | Reached skill level 15 in Armour
  3873 | D        | Noticed a stone giant
  3876 | D        | Killed a stone giant
  4201 | D        | Noticed an ironbound preserver
  4201 | D        | Noticed an orc warlord
  4203 | D        | Noticed a red very ugly thing
  4204 | D        | Killed an ironbound preserver
  4206 | D        | Killed an orc warlord
  4207 | D        | Reached skill level 27 in Invocations
  4207 | D        | Killed a red very ugly thing
  4576 | D        | Noticed an ironbound preserver
  4577 | D        | Noticed an ironbound preserver
  4579 | D        | Killed an ironbound preserver
  4579 | D        | Killed an ironbound preserver
  4579 | D        | Noticed an ironbound preserver
  4583 | D        | Killed an ironbound preserver
  4585 | D        | Reached skill level 15 in Shields
  4588 | D        | Reached skill level 15 in Fighting
  4942 | D        | Noticed Mara
  4951 | D        | Noticed emperorscorpion's illusion
  4968 | D        | Noticed emperorscorpion's illusion
  4975 | D        | Killed Mara
  5434 | D        | Reached XP level 16. HP: 120/127 MP: 0/0
  5449 | D        | Got a decaying rune of Zot
  5516 | D        | Noticed Ilsuiw
  5523 | D        | Killed Ilsuiw
  5541 | D        | Got a barnacled rune of Zot
  5713 | D        | Got a gossamer rune of Zot
  5738 | D        | Noticed a nagaraja
  5738 | D        | Noticed a nagaraja
  5738 | D        | Noticed a nagaraja
  5738 | D        | Noticed a nagaraja
  5740 | D        | Killed a nagaraja
  5740 | D        | Killed a nagaraja
  5740 | D        | Killed a nagaraja
  5740 | D        | Killed a nagaraja
  5741 | D        | Noticed a nagaraja
  5742 | D        | Noticed a nagaraja
  5743 | D        | Noticed a nagaraja
  5745 | D        | Killed a nagaraja
  5745 | D        | Killed a nagaraja
  5749 | D        | Killed a nagaraja
  6067 | D        | Got a serpentine rune of Zot
  6164 | D        | Reached XP level 17. HP: 126/139 MP: 0/0
  6164 | D        | Learned a level 7 spell: Ozocubu's Refrigeration
  6186 | D        | Reached skill level 5 in Stealth
  6191 | D        | Reached skill level 15 in Spellcasting
  6234 | D        | Noticed a shadow dragon
  6235 | D        | Noticed a shadow dragon
  6242 | D        | Killed a shadow dragon
  6242 | D        | Killed a shadow dragon
  6535 | D        | Noticed a shadow dragon
  6535 | D        | Noticed a shadow dragon
  6535 | D        | Noticed a titan
  6535 | D        | Noticed a shadow dragon
  6538 | D        | Killed a titan
  6540 | D        | Killed a shadow dragon
  6541 | D        | Noticed a golden dragon
  6542 | D        | Killed a shadow dragon
  6542 | D        | Killed a shadow dragon
  6832 | D        | Noticed a shadow dragon
  6836 | D        | Killed a golden dragon
  6838 | D        | Killed a shadow dragon
  6844 | D        | Identified the +10 hand axe of Tortfeasance {flame, rPois
                  | Will+}
  6847 | D        | Got a silver rune of Zot
  6933 | D        | Noticed Xtahua
  6940 | D        | Killed Xtahua
  7088 | D        | Noticed Jory
  7096 | D        | Killed Jory
  7210 | D        | Noticed Louise
  7215 | D        | Killed Louise
  7216 | D        | Reached XP level 18. HP: 125/154 MP: 0/0
  7228 | D        | Noticed Agnes
  7232 | D        | Killed Agnes
  7364 | D        | Got the ring "Udel" {rC+ EV+4}
  7367 | D        | Got the ring of Jutedwoi {rC+ rN+ MP+9 Dex+7}
  7369 | D        | Got the ring "Rimigay" {Wiz Fly rPois Dex-2 Stlth+}
  7372 | D        | Got the ring "Kaofeodipa" {rPois Str+3 Int+4 Dex+5}
  7374 | D        | Got the ring of Yriohe {rF+ rC- Int+7 Dex+2}
  7392 | D        | Got the +3 tower shield "Kibisimm" {Stlth+}
  7487 | D        | Noticed Kirke
  7490 | D        | Killed Kirke
  7515 | D        | Noticed Nikola
  7522 | D        | Killed Nikola
  7530 | D        | Noticed Margery
  7536 | D        | Killed Margery
  7538 | D        | Noticed Boris
  7566 | D        | Killed Boris
  8035 | D        | Noticed a tentacled monstrosity
  8035 | D        | Noticed a quicksilver dragon
  8039 | D        | Killed a quicksilver dragon
  8049 | D        | Killed a tentacled monstrosity
  8052 | D        | Reached skill level 10 in Evocations
  8396 | D        | Noticed a quicksilver dragon
  8396 | D        | Noticed a golden dragon
  8399 | D        | Killed a quicksilver dragon
  8399 | D        | Killed a golden dragon
  8474 | D        | Reached XP level 19. HP: 159/166 MP: 0/0
  8474 | D        | Learned a level 6 spell: Eringya's Noxious Bog
  8634 | D        | Noticed an Orb Guardian
  8634 | D        | Noticed an Orb Guardian
  8634 | D        | Noticed an Orb Guardian
  8634 | D        | Noticed an Orb Guardian
  8634 | D        | Noticed an Orb Guardian
  8634 | D        | Noticed an Orb Guardian
  8636 | D        | Killed an Orb Guardian
  8637 | D        | Killed an Orb Guardian
  8637 | D        | Killed an Orb Guardian
  8638 | D        | Noticed an Orb Guardian
  8639 | D        | Killed an Orb Guardian
  8639 | D        | Killed an Orb Guardian
  8639 | D        | Noticed an Orb Guardian
  8640 | D        | Reached skill level 27 in Dodging
  8640 | D        | Killed an Orb Guardian
  8640 | D        | Killed an Orb Guardian
  8642 | D        | Noticed an Orb Guardian
  8643 | D        | Killed an Orb Guardian
  8645 | D        | Noticed an Orb Guardian
  8651 | D        | Killed an Orb Guardian
  8653 | D        | Killed an Orb Guardian
  8687 | D        | Noticed an Orb Guardian
  8687 | D        | Noticed an Orb Guardian
  8690 | D        | Killed an Orb Guardian
  8690 | D        | Noticed an Orb Guardian
  8691 | D        | Killed an Orb Guardian
  8692 | D        | Noticed an Orb Guardian
  8694 | D        | Killed an Orb Guardian
  8702 | D        | Killed an Orb Guardian
  8749 | D        | Noticed an ancient lich
  8775 | D        | Killed an ancient lich
  8776 | D        | Reached skill level 27 in Fighting
  8776 | D        | Reached skill level 10 in Stealth
  8910 | D        | Noticed an orb of fire
  8937 | D        | Gained mutation: You are dopey. (Int -2) [an orb of fire]
  8938 | D        | Killed an orb of fire
  9214 | D        | Noticed an electric golem
  9223 | D        | Killed an electric golem
  9552 | D        | Noticed a Killer Klown
  9552 | D        | Noticed an Orb Guardian
  9552 | D        | Noticed an electric golem
  9552 | D        | Noticed a tentacled monstrosity
  9555 | D        | Noticed an orb of fire
  9555 | D        | Noticed an orb of fire
  9557 | D        | Killed a Killer Klown
  9558 | D        | Killed an Orb Guardian
  9561 | D        | Killed a tentacled monstrosity
  9563 | D        | Noticed an ancient lich
  9566 | D        | Noticed an Orb Guardian
  9567 | D        | Killed an electric golem
  9567 | D        | Killed an ancient lich
  9568 | D        | Gained mutation: You are frail. (-10% HP) [an orb of fire]
  9568 | D        | Noticed a tentacled monstrosity
  9569 | D        | Killed an orb of fire
  9572 | D        | Killed an orb of fire
  9573 | D        | Reached XP level 20. HP: 64/162 MP: 0/0
  9574 | D        | Reached skill level 15 in Evocations
  9719 | D        | Noticed a curse toe
  9728 | D        | Killed a curse toe
  9895 | D        | Killed a tentacled monstrosity
  9981 | D        | Noticed an ancient lich
  9986 | D        | Killed an ancient lich
  9987 | D        | Reached skill level 27 in Shields
 10260 | D        | Noticed an ancient lich
 10278 | D        | Killed an ancient lich
 11027 | D        | Reached skill level 27 in Armour
 11320 | D        | Got an elven rune of Zot
 11334 | D        | Reached XP level 21. HP: 163/168 MP: 0/0
 11334 | D        | Learned a level 8 spell: Maxwell's Capacitive Coupling
 11337 | D        | Noticed the Royal Jelly
 11347 | D        | Killed the Royal Jelly
 11380 | D        | Paralysed by a floating eye for 4 turns
 11392 | D        | Got a slimy rune of Zot
 11944 | D        | Reached skill level 27 in Spellcasting
 13224 | D        | Noticed a royal mummy
 13230 | D        | Killed a royal mummy
 13580 | D        | Noticed a royal mummy
 13580 | D        | Noticed a royal mummy
 13580 | D        | Noticed a royal mummy
 13587 | D        | Killed a royal mummy
 13588 | D        | Killed a royal mummy
 13589 | D        | Killed a royal mummy
 13589 | D        | Noticed a royal mummy
 14083 | D        | Killed a royal mummy
 14380 | D        | Noticed a royal mummy
 14389 | D        | Killed a royal mummy
 14492 | D        | Got a golden rune of Zot
 14755 | D        | Got an abyssal rune of Zot
 14878 | D        | Noticed Geryon
 14882 | D        | Killed Geryon
 14924 | D        | Noticed Antaeus
 14924 | D        | Noticed Lom Lobon
 14924 | D        | Noticed Gloorx Vloq
 14928 | D        | Killed Antaeus
 14929 | D        | Reached XP level 22. HP: 62/174 MP: 0/0
 15421 | D        | Killed Lom Lobon
 15688 | D        | Found the +7 sceptre of Asmodeus
 15688 | D        | Noticed Asmodeus
 15693 | D        | Killed Asmodeus
 15694 | D        | Reached skill level 27 in Evocations
 15725 | D        | Noticed Mnoleg
 15750 | D        | Killed Mnoleg
 16143 | D        | Killed Gloorx Vloq
 16468 | D        | Noticed Ereshkigal
 16471 | D        | Killed Ereshkigal
 16753 | D        | Got an icy rune of Zot
 16757 | D        | Got a magical rune of Zot
 16761 | D        | Got a dark rune of Zot
 16765 | D        | Got an obsidian rune of Zot
 16767 | D        | Found the +4 staff of Dispater
 16767 | D        | Noticed Dispater
 16772 | D        | Killed Dispater
 16774 | D        | Got a glowing rune of Zot
 16774 | D        | Found the +6 sword of Cerebov {flame}
 16774 | D        | Noticed Cerebov
 16779 | D        | Killed Cerebov
 16780 | D        | Reached skill level 27 in Stealth
 17045 | D        | Got a bone rune of Zot
 17049 | D        | Got an iron rune of Zot
 17053 | D        | Got a fiery rune of Zot
 17466 | D        | Got the Orb of Zot
 17539 | D        | Reached skill level 5 in Axes
 17987 | D        | Reached skill level 10 in Axes
 18395 | D        | Reached skill level 15 in Axes
 18508 | D        | Noticed a profane servitor
 18519 | D        | Killed a profane servitor
 19115 | D        | Noticed Urrisoso the pandemonium lord
 19186 | D        | Escaped with the Orb!

Illustrated notes

Levels and vault maps discovered:
D:        linesprint [early_d, line_temple, items_1, d_10, items_2, lair_1,
          lair_end, items_3, orc_1, orc_end, items_4, d_15, swamp_1, shoals_1,
          snake_1, spider_1, d_20, vaults_1, items_5, swamp_end, shoals_end,
          snake_end, spider_end, vaults_end, d_27, items_6, zot_1, zot_end,
          crypt_end, forest_end, elf_end, slime_end, tomb_end, abyss_end,
          pan_hell_end]

Skill      XL: |  1  2  3  4  5  6  7  8  9 10 11 12 13 14 15 16 17 18 19 20 21 22 |
---------------+-------------------------------------------------------------------+-----
Spellcasting   | 3 4 5 8 10 11 14 17 19 24 27 | 27.0
Armour         | 1 2 5 7 8 9 10 11 13 14 17 19 22 24 27 | 27.0
Dodging        | 3 5 6 7 8 9 10 12 14 17 20 23 26 27 | 27.0
Invocations    | 4 6 8 10 14 19 22 23 25 27 | 27.0
Evocations     | 1 2 3 4 8 9 10 14 16 25 27 | 27.0
Shields        | 4 6 7 8 11 13 15 17 25 27 | 27.0
Fighting       | 1 2 3 5 8 11 13 15 18 21 24 27 | 27.0
Short Blades   | 3 |  3.3
Stealth        | 2 4 6 8 11 13 20 27 | 27.0
Axes           | 18 | 18.9
Long Blades    | |  0.2
Maces & Flails | |  0.3
Polearms       | |  0.2
Staves         | |  0.2
Slings         | |  0.2
Bows           | |  0.2
Unarmed Combat | |  0.2

Action                   |  1- 3 |  4- 6 |  7- 9 | 10-12 | 13-15 | 16-18 | 19-21 | 22-24 || total
-------------------------+-------+-------+-------+-------+-------+-------+-------+-------++-------
Melee: Rapier            |       |       |     2 |     1 |    14 |       |       |       ||    17
       Hand axe          |       |       |       |       |       |       |    16 |    74 ||    90
 Cast: Shock             |     9 |       |    18 |    10 |     9 |       |       |       ||    46
       Static Discharge  |     2 |     1 |     1 |     1 |       |       |     4 |       ||     9
       Swiftness         |       |     1 |     1 |     1 |       |       |       |       ||     3
       Frozen Ramparts   |       |       |     3 |     5 |     7 |     1 |     2 |       ||    18
       Blink             |       |       |     3 |     3 |     1 |     1 |     7 |     6 ||    21
       Sting             |       |       |     3 |       |       |       |       |       ||     3
       Passage of Golubr |       |       |       |     4 |       |     1 |     6 |       ||    11
       Airstrike         |       |       |       |       |     8 |       |    23 |       ||    31
       Summon Cactus Gia |       |       |       |       |     1 |       |     3 |       ||     4
       Ozocubu's Refrige |       |       |       |       |       |     6 |       |       ||     6
       Leda's Liquefacti |       |       |       |       |       |       |     1 |       ||     1
       Maxwell's Capacit |       |       |       |       |       |       |     4 |    11 ||    15
       Lightning Bolt    |       |       |       |       |       |       |       |     3 ||     3
Invok: Minor Destruction |       |       |     5 |     2 |       |       |       |       ||     7
       Major Destruction |       |       |       |    64 |   132 |   210 |   240 |   113 ||   759
       Greater Servant o |       |       |       |       |     1 |     3 |     5 |     1 ||    10
Evoke: Wand              |       |     3 |     6 |       |       |       |       |       ||     9
       Lightning rod     |       |       |       |    10 |    21 |     6 |       |    20 ||    57
  Use: Potion            |       |       |     1 |     1 |     4 |       |     2 |       ||     8
       Scroll            |       |       |       |       |     1 |     1 |     3 |     2 ||     7
 Stab: Distracted        |       |       |       |       |       |       |       |     1 ||     1
Armor: Robe              |     1 |       |       |       |       |       |       |       ||     1
       Scale mail        |       |       |     8 |     2 |       |       |       |       ||    10
       Animal skin       |       |       |       |     2 |     5 |     6 |     3 |    12 ||    28
Dodge: Dodged            |     5 |     2 |    11 |    10 |    17 |    55 |    57 |    58 ||   215
Block: Kite shield       |       |       |     9 |    16 |    22 |    25 |       |       ||    72
       Tower shield      |       |       |       |       |       |    27 |    84 |   128 ||   239

Table legend: (Time is in decaauts) A = Elapsed time spent in this place. B = Non-inter-level travel time spent in this place. C = Inter-level travel time spent in this place. D = Time resting spent in this place. E = Time spent auto-exploring this place. F = Levels seen in this place. G = Mean time per level. A B C D E F G +--------+--------+--------+--------+--------+-----+--------+ Total | 19177 | 14378 | 4799 | 4548 | 5922 | 1 | 19177.0 | Dungeon | 19177 | 14378 | 4799 | 4548 | 5922 | 1 | 19177.0 | +--------+--------+--------+--------+--------+-----+--------+

Top non-repeatable levels by time:
       D: 19177 daAuts
